 Dungeon Crawl Stone Soup version 0.28-a0-1435-g82390b3a13 (webtiles) character file.

Game seed: 3524990614671782324

65 backslashecho the Chopper (level 3, 0/34 HPs)
             Began as a Minotaur Cinder Acolyte on Jan 10, 2022.
             Was a High Priest of Ignis.
             Killed from afar by Sigmund (7 damage)
             ... with a magic dart
             ... on level 2 of the Dungeon.
             The game lasted 00:02:53 (1721 turns).

backslashecho the Chopper (Minotaur Cinder Acolyte) Turns: 1721, Time: 00:02:54

Health: 0/34       AC:  3    Str: 20    XL:     3   Next: 94%
Magic:  3/3        EV: 11    Int: 11    God:    Ignis [*****.]
Gold:   63         SH:  0    Dex:  5    Spells: 4/4 levels left

rFire   + . .      SeeInvis .   a - -1 hand axe (flame)
rCold   . . .      Faith    .   (no shield)
rNeg    . . .      Spirit   .   g - +0 leather armour
rPois   .          Reflect  .   (helmet restricted)
rElec   .          Harm     .   (no cloak)
rCorr   .          Rampage  .   (no gloves)
Will    .....                   (no boots)
Stlth   ..........              (no amulet)
HPRegen 0.11/turn               (no ring)
MPRegen 0.08/turn               (no ring)

@: confused
A: horns 2, retaliatory headbutt
a: Renounce Religion, Fiery Armour, Foxfire Swarm, Rising Flame


You were on level 2 of the Dungeon.
You worshipped Ignis.
Ignis was extremely pleased with you.
You visited 1 branch of the dungeon, and saw 2 of its levels.

You collected 63 gold pieces.

Inventory:

Hand Weapons
 a - a -1 hand axe of flaming (weapon)
Armour
 g - a +0 leather armour (worn)
Scrolls
 d - a scroll of holy word {unknown}
 f - 2 scrolls of noise {unknown}


   Skills:
 + Level 4.4 Fighting
 * Level 5.2 Axes
 - Level 1.0 Spellcasting
 - Level 2.1 Fire Magic


You had 4 spell levels left.
You didn't know any spells.
Your spell library contained the following spells:

 Spells                   Type           Power      Damage    Failure   Level
 Scorch                   Fire           10%        2d6       24%         2


Dungeon Overview and Level Annotations

Branches:
Dungeon (2/15)

Altars:

Annotations:
D:2 Sigmund


Innate Abilities, Weirdness & Mutations

You have a pair of horns on your head.
You reflexively headbutt those who attack you in melee.


Message History

As you read the scroll labelled RYNKIRALOR, it crumbles to dust.
You assume a fearsome visage.
Sigmund looks frightened!
It was a scroll of fear.
Sigmund gestures wildly while chanting.
Sigmund flickers and vanishes!
Deactivating autopickup; reactivate with Ctrl-A.
Your transformation is almost over.
Something hits you but does no damage. Something hits you but does no damage.
A magic dart appears from out of thin air!
The magic dart hits you.
You take 4 damage, and have 29/51 hp.
Something hits you but does no damage.
You feel less wooden.
Your +0 leather armour unmelds from your body.
Something hits you but does no damage.
You now have 19/34 hp.
Okay, then.
Okay, then.
Something hits you!
* * * LOW HITPOINT WARNING * * *
You take 10 damage, and have 10/34 hp.
MASSIVE DAMAGE!!
Unknown command.
A magic dart appears from out of thin air!
The magic dart hits you.
* * * LOW HITPOINT WARNING * * *
You take 5 damage, and have 5/34 hp.
You are confused.
You are too confused!
You bump into the rock wall.
You aren't carrying any potions.
You bump into the rock wall.
You hear some strange, mumbled words.
Something tries to affect you, but you resist.
You bump into the rock wall.
You bump into the rock wall.
Sigmund appears from thin air!
Reactivating autopickup.
Sigmund points at you and mumbles some strange words.
The magic dart hits you!
You die...

####. ##≈.≈P.≈♣≈≈≈≈P..## ##...##
.... #..≈≈≈≈♣♣♣≈.≈≈P## ##.....##
... ##≈≈≈♣P≈≈≈.PP..#####>......#
..##.##P...≈.P≈≈###..............
.... ..........# #.#####.......#
..# #.......# #.# #.......## ..#
#.......# #.# #.......# ..#
#.......####.####...#...#
.†#########.##@.@....(.......).##
............#######>........)†..#
..########### #.####.##....## ..#
#.# ##.##.#..# ..# #.. .........#
.## ### ##.##.#.## .# #.##....##
.# #.##...... .# #.###...##


You could see Sigmund.

Vanquished Creatures
  2 adders
  3 worms (D:2)
  7 endoplasms
  3 giant cockroaches
  2 hobgoblins
  A quokka (D:1)
  7 ball pythons
  6 bats (D:1)
  A frilled lizard (D:1)
  5 kobolds
  4 rats (D:1)
41 creatures vanquished.

Vanquished Creatures (others)
  15 plants (D:2)
15 creatures vanquished.

Grand Total: 56 creatures vanquished

Notes
Turn   | Place    | Note
-------+----------+-------------------------------------------
     0 | D:1      | backslashecho the Minotaur Cinder Acolyte began the quest
                  | for the Orb.
     0 | D:1      | Reached XP level 1. HP: 19/19 MP: 1/1
   285 | D:1      | Reached skill level 4 in Axes
   320 | D:1      | Reached XP level 2. HP: 16/27 MP: 2/2
   455 | D:1      | Found a faded altar of an unknown god.
  1182 | D:1      | Reached XP level 3. HP: 25/33 MP: 3/3
  1468 | D:2      | Reached skill level 5 in Axes
  1657 | D:2      | Noticed Sigmund
  1721 | D:2      | Killed from afar by Sigmund

Illustrated notes

Levels and vault maps discovered:
D:1:      amcnicky_arrival_single_pillar, layout_loops_cross,
          shapermc_ecumenical_altar_notcrosses
D:2:      layout_loops_ring, serial_bayou_lagoon_a, uniq_sigmund

Skill      XL: |  1  2  3 |
---------------+----------+-----
Axes           | 4 5 |  5.2
Fighting       | 4 |  4.4
Spellcasting   | |  1.0
Fire Magic     | |  2.1

Action                   || total
-------------------------++-------
Melee: Hand axe          ||    86
       Headbutt          ||    11
  Use: Potion            ||     2
       Scroll            ||     1
Armor: Robe              ||    26
       Skin              ||     9
       Leather armour    ||     3
Dodge: Dodged            ||    65

Table legend: (Time is in decaauts)
 A = Elapsed time spent in this place.
 B = Non-inter-level travel time spent in this place.
 C = Inter-level travel time spent in this place.
 D = Time resting spent in this place.
 E = Time spent auto-exploring this place.
 F = Levels seen in this place.
 G = Mean time per level.
                   A        B        C        D        E       F      G
               +--------+--------+--------+--------+--------+-----+--------+
         Total |   1729 |   1664 |     65 |     92 |   1264 |   2 |  864.5 |
       Dungeon |   1729 |   1664 |     65 |     92 |   1264 |   2 |  864.5 |
               +--------+--------+--------+--------+--------+-----+--------+

Top non-repeatable levels by time:
     D:1: 1273 daAuts
     D:2: 456 daAuts
